 Dungeon Crawl Stone Soup version 0.24.1-11-gbbbb2193e6 (webtiles) character file.

Game seed: 1052137772455736209, levelgen mode: deterministic

8198 Hugehornet the Transmogrifier (level 11, 0/63 HPs)
             Began as an Octopode Transmuter on May 14, 2020.
             Was a Believer of Cheibriados.
             Slain by a vampire mosquito (1 damage)
             ... on level 9 of the Dungeon.
             The game lasted 00:32:04 (14748 turns).

Hugehornet the Transmogrifier (OpTm)               Turns: 14748, Time: 00:32:05

Health: 0/63       AC:  1    Str: 15    XL:     11   Next: 27%
Magic:  18/23      EV: 17    Int: 19    God:    Cheibriados [**....]
Gold:   459        SH:  0    Dex: 18    Spells: 4/26 levels left

rFire    + . .     SeeInvis +     - Unarmed
rCold    + . .     Gourm    .   (shield currently unavailable)
rNeg     . . .     Faith    .   (helmet restricted)
rPois    .         Spirit   .   (no amulet)
rElec    +         Reflect  .   f - +3 ring of evasion
rCorr    .         Harm     .   A - ring "Caurenwu" {*Contam +Inv rElec Int-6 SInv} (curse)
MR       +....                  s - ring of protection from magic
Stlth    ++........             (no ring)
HPRegen  0.20/turn              (no ring)
MPRegen  0.18/turn              (no ring)
                                (no ring)
                                (no ring)

@: confused, blade tentacles, very slightly contaminated, studying Throwing,
very slow
A: almost no armour, stealthy swim, amphibious, 8 rings, constrict 8, camouflage
1, clever 1, cold resistance 1, fire resistance 1, gelatinous body 1
a: End Transformation, Bend Time, Renounce Religion, Evoke Invisibility


You were on level 9 of the Dungeon.
You worshipped Cheibriados.
Cheibriados was pleased with you.
You were near starving.
You had blades for tentacles.
You visited 2 branches of the dungeon, and saw 10 of its levels.

You collected 459 gold pieces.

Inventory:

Missiles
 a - 185 arrows
Armour
 l - a +1 shield
 t - a +2 buckler
Jewellery
 f - a +3 ring of evasion (left scythe-like blade)
 s - a ring of protection from magic (on tentacle)
 A - the cursed ring "Caurenwu" (right scythe-like blade) {*Contam +Inv rElec Int-6 SInv}
   (You found it on level 9 of the Dungeon)

   [ring of intelligence]

   It affects your intelligence (-6).
   It insulates you from electricity.
   It lets you see invisible.
   It lets you turn invisible.
   It causes magical contamination when unequipped.
   It has a curse placed upon it.
 B - an uncursed amulet of guardian spirit
Wands
 j - a wand of flame (30)
 p - a wand of paralysis (4)
 r - a wand of iceblast (9)
 w - a wand of digging (4)
Scrolls
 d - a scroll of magic mapping
 g - 8 scrolls of teleportation
 i - 2 scrolls of enchant armour
 n - 3 scrolls of fear
 o - a scroll of fog {unknown}
 q - a scroll of remove curse
 u - a scroll of blinking
 y - a scroll of enchant weapon
 z - a scroll of amnesia {unknown}
Potions
 b - 3 potions of curing
 h - 2 potions of flight
 k - a potion of magic
 m - a potion of might
Books
 v - a manual of Throwing
Comestibles
 c - 10 rations


   Skills:
 - Level 1.0 Fighting
 - Level 2.0 Dodging
 + Level 8.0 Unarmed Combat
 + Level 8.3 Spellcasting
 * Level 4.1 Conjurations
 - Level 3.0 Charms
 - Level 9.2 Transmutations
 - Level 6.0 Ice Magic
 - Level 3.0 Poison Magic
 - Level 3.0 Invocations


You had 4 spell levels left.
You knew the following spells:

 Your Spells              Type           Power        Failure   Level  Hunger
a - Beastly Appendage     Tmut           #####.       9%          1    None
b - Sticks to Snakes      Tmut           #####...     10%         2    None
c - Spider Form           Tmut/Pois      ####......   22%         3    None
d - Ice Form              Ice/Tmut       #####...     28%         4    ###....
e - Blade Hands           Tmut           #####.....   34%         5    #####..
f - Ozocubu's Armour      Chrm/Ice       ####....     30%         3    None
g - Throw Icicle          Conj/Ice       ####....     47%         4    ###....

Your spell library contained the following spells:

 Spells                   Type           Power        Failure   Level  Hunger
 Freeze                   Ice            ####         13%         1    None
 Throw Frost              Conj/Ice       ####..       19%         2    None
 Summon Ice Beast         Ice/Summ       ###.....     69%         4    ###....


Dungeon Overview and Level Annotations

Branches:
Dungeon (9/15)             Temple (1/1) D:5             Orc (0/2) D:9
   Lair: D:8-11

Altars:
Ashenzari
Cheibriados
Dithmenos
Elyvilon
Fedhas
Gozag
Hepliaklqana
Kikubaaqudgha
Makhleb
Nemelex Xobeh
Okawaru
Qazlal
Ru
Sif Muna
Trog
Uskayaw
Vehumet
Wu Jian
Xom
Yredelemnul
Zin
The Shining One

Shops:
D:7 }

Annotations:
D:8 1 runed translucent door


Innate Abilities, Weirdness & Mutations

You cannot wear most types of armour.
You are very stealthy in the water. (Stealth+)
You are amphibious.
You can wear up to eight rings at the same time.
You can use your tentacles to constrict eight enemies at once.
Your skin changes colour to match your surroundings (Stealth+).
Your rubbery body absorbs attacks. (AC +1, EV +1)
Your mind is acute. (Int +2)
Your flesh is cold resistant. (rC+)
Your flesh is heat resistant. (rF+)


Message History

The vampire mosquito barely misses you. The vampire mosquito bites you.
The vampire mosquito draws strength from your injuries!
The vampire mosquito bites you.
The vampire mosquito draws strength from your injuries!
The vampire mosquito misses you. The vampire mosquito bites you!
* * * LOW HITPOINT WARNING * * *
The vampire mosquito draws strength from your injuries!
The vampire mosquito bites you!
* * * LOW HITPOINT WARNING * * *
The vampire mosquito draws strength from your injuries!
You are confused.
You feel invigorated.
You constrict the vampire mosquito. The vampire mosquito bites you.
* * * LOW HITPOINT WARNING * * *
The vampire mosquito draws strength from your injuries!
The vampire mosquito bites you!
* * * LOW HITPOINT WARNING * * *
The vampire mosquito draws strength from your injuries!
The vampire mosquito bites you.
You die...

.#......................#).....#
.#......................)).....#
.#.....>.................#....##
..............##...##....######
###.#####.#...##...##...##
..#..#..#.######.........#
..#....##................#
........#......yyy.......#
#..######.....##@..##...##
..............#######...##
#.....###................#######
..#.....#......................#
..#..#.##..........<.....#####.#
#.#..#..#......................#
###.#########.#########.#####..#
##...## #|.##.##.|###.....###..#
#.....###..#...#..##.......##).#


You could see 3 vampire mosquitoes.

Vanquished Creatures
  A two-headed ogre (D:8)
  A skeletal warrior (D:9)
  Pikel (D:9)
  Psyche (D:8)
  An efreet (D:9)
  2 trolls
  Prince Ribbit (D:5)
  A hippogriff (D:9)
  A steam dragon (D:9)
  2 hungry ghosts
  A vampire mosquito (D:9)
  A water moccasin (D:8)
  4 orc warriors
  3 sky beasts
  A slave (D:9)
  An ice beast (D:9)
  2 phantoms
  7 ogres
  5 centaurs
  A big kobold (D:8)
  8 bullfrogs
  A gnoll sergeant (D:5)
  A water moccasin skeleton (D:9)
  A wight (D:6)
  3 killer bees (D:7)
  6 howler monkeys
  2 crimson imps
  2 jellies
  4 bullfrog zombies
  5 hounds
  8 orc priests
  A gnoll shaman (D:5)
  3 orc wizards
  2 bullfrog skeletons
  Jessica (D:3)
  An iguana (D:8)
  14 worker ants
  2 killer bee zombies
  2 hound zombies
  2 hound skeletons
  6 gnolls (D:5)
  13 adders
  A shadow imp (D:9)
  An ooze (D:5)
  An adder zombie (D:9)
  An adder skeleton (D:5)
  3 worms
  2 dart slugs (D:1)
  6 leopard geckos
  17 orcs
  11 ball pythons
  14 giant cockroaches
  5 goblins
  5 hobgoblins
  9 jackals
  14 kobolds
  4 quokkas
  7 bats
  2 frilled lizards
  A leopard gecko zombie (D:6)
  A quokka skeleton (D:7)
  9 rats
240 creatures vanquished.

Vanquished Creatures (collateral kills)
  2 jellies (D:8)
  A worker ant (D:8)
  A gnoll (D:5)
  2 butterflies (D:8)
6 creatures vanquished.

Grand Total: 246 creatures vanquished

Notes
Turn   | Place    | Note
-------+----------+-------------------------------------------
     0 | D:1      | Hugehornet the Octopode Transmuter began the quest for the
                  | Orb.
     0 | D:1      | Reached XP level 1. HP: 13/13 MP: 3/3
   226 | D:1      | Reached XP level 2. HP: 13/18 MP: 3/5
   803 | D:1      | Reached skill level 3 in Transmutations
   803 | D:1      | Reached XP level 3. HP: 23/23 MP: 4/6
   807 | D:1      | Learned a level 2 spell: Sticks to Snakes
   819 | D:1      | Learned a level 3 spell: Spider Form
  1171 | D:2      | Found a bloodstained altar of Trog.
  1221 | D:2      | Found a burning altar of Makhleb.
  1513 | D:2      | Reached skill level 1 in Poison Magic
  1668 | D:2      | Reached XP level 4. HP: 19/28 MP: 5/8
  1939 | D:2      | Found a faded altar of an unknown god.
  2113 | D:2      | Found a radiant altar of Vehumet.
  2422 | D:2      | Found a sparkling altar of Nemelex Xobeh.
  3011 | D:3      | Found a shadowy altar of Dithmenos.
  3037 | D:3      | Reached XP level 5. HP: 33/33 MP: 9/9
  3048 | D:3      | Learned a level 4 spell: Ice Form
  3573 | D:3      | Noticed Jessica
  3582 | D:3      | Killed Jessica
  3864 | D:4      | Found a shattered altar of Ashenzari.
  3864 | D:4      | Found a hide-covered altar of Uskayaw.
  3870 | D:4      | Found a sparkling altar of Nemelex Xobeh.
  3987 | D:4      | Reached skill level 1 in Ice Magic
  4009 | D:4      | Reached XP level 6. HP: 12/38 MP: 3/10
  4305 | D:4      | Noticed a phantom
  5101 | D:4      | Noticed a phantom
  5224 | D:4      | Killed a phantom
  5224 | D:4      | Reached skill level 4 in Transmutations
  5362 | D:4      | Found a glowing golden altar of the Shining One.
  5722 | D:5      | Entered Level 5 of the Dungeon
  5765 | D:5      | Noticed a sky beast
  5774 | D:5      | Reached XP level 7. HP: 43/43 MP: 6/12
  6008 | D:5      | Found a blossoming altar of Fedhas.
  6019 | D:5      | Gained mutation: Your flesh is cold resistant. (rC+)
                  | [potion of mutation]
  6019 | D:5      | Gained mutation: Your flesh is heat resistant. (rF+)
                  | [potion of mutation]
  6019 | D:5      | Gained mutation: Your mind is acute. (Int +2) [potion of
                  | mutation]
  6025 | D:5      | Noticed Prince Ribbit
  6061 | D:5      | HP: 1/43 [Prince Ribbit (16)]
  6066 | D:5      | Killed Prince Ribbit
  6083 | D:5      | Reached skill level 5 in Transmutations
  6443 | D:5      | Found a staircase to the Ecumenical Temple.
  6461 | Temple   | Entered the Ecumenical Temple
  7223 | D:5      | Reached XP level 8. HP: 48/48 MP: 11/14
  7231 | D:5      | Learned a level 5 spell: Blade Hands
  8027 | D:6      | Reached skill level 5 in Unarmed Combat
  8027 | D:6      | Reached skill level 5 in Ice Magic
  8329 | D:6      | Reached skill level 6 in Transmutations
  9179 | D:6      | Reached XP level 9. HP: 28/53 MP: 13/16
  9413 | D:6      | Reached skill level 5 in Spellcasting
  9606 | D:6      | Reached skill level 7 in Transmutations
 10201 | D:7      | Found a shimmering altar of Xom.
 10203 | D:7      | Found a shimmering blue altar of Sif Muna.
 10203 | D:7      | Found a radiant altar of Vehumet.
 10205 | D:7      | Found a shattered altar of Ashenzari.
 10205 | D:7      | Found a blossoming altar of Fedhas.
 10205 | D:7      | Found a burning altar of Makhleb.
 10254 | D:7      | Learned a level 3 spell: Ozocubu's Armour
 10500 | D:7      | Reached skill level 1 in Charms
 10945 | D:7      | Found Zumnyuhy's Gadget Emporium.
 11255 | D:8      | Reached skill level 8 in Transmutations
 11724 | D:8      | Noticed Psyche
 11733 | D:8      | Reached XP level 10. HP: 32/58 MP: 14/19
 11735 | D:8      | Killed Psyche
 11735 | D:8      | Reached skill level 9 in Transmutations
 11896 | D:8      | Found a runed translucent door.
 11897 | D:8      | Found a runed translucent door.
 12191 | D:8      | Found a snail-covered altar of Cheibriados.
 12198 | D:8      | Became a worshipper of Cheibriados the Contemplative
 12377 | D:8      | Noticed a two-headed ogre
 12385 | D:8      | Killed a two-headed ogre
 13268 | D:9      | Reached * piety under Cheibriados
 13527 | D:9      | Learned a level 4 spell: Throw Icicle
 13624 | D:9      | Noticed a skeletal warrior
 13635 | D:9      | HP: 2/58 [skeletal warrior/+0 hand axe (17)]
 13636 | D:9      | Killed a skeletal warrior
 13641 | D:9      | Reached XP level 11. HP: 31/63 MP: 13/23
 14005 | D:9      | Reached skill level 1 in Invocations
 14314 | D:9      | Reached ** piety under Cheibriados
 14422 | D:9      | Found a staircase to the Orcish Mines.
 14483 | D:9      | Got a warped bronze ring
 14484 | D:9      | Identified the cursed ring "Caurenwu" {*Contam +Inv rElec
                  | Int-6 SInv} (You found it on level 9 of the Dungeon)
 14533 | D:9      | Noticed Pikel
 14541 | D:9      | Killed Pikel
 14748 | D:9      | HP: 1/63 [vampire mosquito (7)]
 14748 | D:9      | Slain by a vampire mosquito

Levels and vault maps discovered:
D:1:      ncdulo_wetmaze, layout_basic
D:2:      layout_basic, lemuel_crystal_altar, vehumet_crystals,
          makhleb_grotto_becter, chequers_ecumenical_altar_twisty,
          nemelex_spade_bored_becter
D:3:      layout_loops_corners, nicolae_dithmenos_shadow_blocks, uniq_jessica
D:4:      layout_gridville, nicolae_tso_swordbearing_angel,
          gammafunk_temple_overflow_forgotten, minmay_snake_closets
D:5:      layout_basic, kennysheep_mini, minmay_temple_entry_gardened_gates,
          first_ration, serial_corexii_hall, corexii_hall_statues_l,
          corexii_hall_statues_i, minmay_door_square, minivault_11,
          lightli_minifort, uniq_prince_ribbit1
D:6:      layout_basic, minivault_25, minmay_joined_circles
D:7:      layout_loops_cross, doesnt_xom_only_xom, serial_shops, shop
D:8:      lemuel_insect_pit, layout_basic, cheibriados_altar_1, uniq_psyche
D:9:      minmay_the_grid_net [minmay_the_grid_x, minmay_the_grid_spikes,
          minmay_the_grid_minigrid_small, minmay_the_grid_outer_circle,
          minmay_the_grid_outer_diamond,
          minmay_the_grid_prize_four_corners_diamond_a], layout_gridville,
          uniq_pikel
Temple:   minmay_temple_forest_path

Skill      XL: |  1  2  3  4  5  6  7  8  9 10 11 |
---------------+----------------------------------+-----
Transmutations | 3 4 5 6 8 9 |  9.2
Poison Magic   | 1 2 3 |  3.0
Spellcasting   | 3 4 6 8 |  8.3
Ice Magic      | 1 2 4 5 6 |  6.0
Unarmed Combat | 4 5 7 8 |  8.0
Charms         | 3 |  3.0
Conjurations   | 2 4 |  4.1
Invocations    | 3 |  3.0
Fighting       | |  1.0
Dodging        | |  2.0

Action                   |  1- 3 |  4- 6 |  7- 9 | 10-12 || total
-------------------------+-------+-------+-------+-------++-------
Melee: Unarmed           |    72 |   188 |   318 |   177 ||   755
       Constrict         |    20 |    36 |    30 |    37 ||   123
       Kick              |    16 |    34 |    26 |    20 ||    96
       Tentacles         |     8 |    18 |    27 |    31 ||    84
       Punch             |     1 |     4 |     5 |    12 ||    22
 Cast: Beastly Appendage |    21 |    44 |    30 |    14 ||   109
       Spider Form       |       |     3 |    15 |     2 ||    20
       Sticks to Snakes  |       |    17 |    11 |     2 ||    30
       Ice Form          |       |       |     6 |       ||     6
       Blade Hands       |       |       |     3 |    18 ||    21
       Ozocubu's Armour  |       |       |     1 |     1 ||     2
       Throw Icicle      |       |       |       |     1 ||     1
 Abil: End Transformatio |       |     1 |     7 |     2 ||    10
  Use: Potion            |     1 |     2 |     3 |     8 ||    14
       Scroll            |     1 |     7 |     8 |     2 ||    18
 Stab: Sleeping          |     5 |     4 |     1 |     1 ||    11
  Eat: Ration            |     1 |     1 |     3 |     1 ||     6
       Chunk             |       |    10 |    14 |     7 ||    31
Armor: Skin              |     9 |    13 |    42 |     6 ||    70
Dodge: Dodged            |    47 |   149 |   227 |   142 ||   565
